 Dungeon Crawl Stone Soup version 0.29.1-12-g30fa7ad0bf (webtiles) character file.

Game seed: 16010852298633654030

20121 GeoRichter the Slicer (level 12, -3/89 HPs)
             Began as a Demonspawn Brigand on Dec 19, 2022.
             Was an Initiate of Gozag.
             Slain by a sun demon (19 damage)
             ... on level 10 of the Dungeon.
             The game lasted 00:33:49 (18049 turns).

GeoRichter the Slicer (Demonspawn Brigand)         Turns: 18049, Time: 00:33:50

Health: -3/89      AC: 10    Str: 15    XL:     12   Next: 42%
Magic:  13/18      EV: 12    Int: 14    God:    Gozag
Gold:   2360       SH:  7    Dex: 17    Spells: 7/20 levels left

rFire   . . .      SeeInvis .   a - +2 dagger (elec)
rCold   . . .      Faith    .   L - +2 buckler
rNeg    . . .      Spirit   .   K - +2 scale mail "Ujovvol" {rElec Str+2}
rPois   .          Reflect  .   F - +0 hat
rElec   +          Harm     .   (cloak unavailable)
rCorr   .          Rampage  .   t - +0 pair of gloves
Will    .....                   (no boots)
Stlth   +++.......              (no amulet)
HPRegen 0.24/turn               b - ring of flight
MPRegen 0.16/turn               (no ring)

@: weakened, gold aura, flying
A: demonic guardian 2, demonic magic 1, weakness stinger 3
a: Renounce Religion, Potion Petition, Call Merchant, Bribe Branch


You were on level 10 of the Dungeon.
You worshipped Gozag.
Gozag was most pleased with you.
You visited 2 branches of the dungeon, and saw 11 of its levels.
You also visited: Sewer and Bailey.

You collected 2409 gold pieces.
You paid 49 gold pieces to Gozag.

Inventory:

Hand Weapons
 a - a +2 dagger of electrocution (weapon)
   (You took it off a kobold in a sewer)
 d - a +2 dagger
Missiles
 e - 8 curare-tipped darts {!f}
 h - 26 poisoned darts
 y - a javelin
Armour
 t - a +0 pair of gloves (worn)
   (You found it on level 2 of the Dungeon)
 A - a +0 leather armour
   (You found it on level 4 of the Dungeon)
 B - the +0 plate armour of the Saviour {Drain Int+5}
   (You took it off an orc warrior in a bailey)

   Int:       It affects your intelligence (+5).
   Drain:     It drains your maximum health when unequipped.
 D - a +2 kite shield
   (You found it on level 7 of the Dungeon)
 F - a +0 hat (worn)
   (You found it on level 7 of the Dungeon)
 G - a scarf of repulsion
   (You found it on level 7 of the Dungeon)
 K - the +2 scale mail "Ujovvol" (worn) {rElec Str+2}
   (You found it on level 8 of the Dungeon)

   Str:       It affects your strength (+2).
   rElec:     It insulates you from electricity.
 L - a +2 buckler (worn)
   (You found it on level 8 of the Dungeon)
Jewellery
 b - a ring of flight (left hand)
   (You found it on level 6 of the Dungeon)
 I - the necklace of Bloodlust {*Rage Will++ Int-3 Slay+6}
   (You took it off an orc warrior in a bailey)

   [amulet of nothing]

   It extends the wearer's berserk rage when killing foes.
   Int:       It affects your intelligence (-3).
   Slay:      It affects your accuracy & damage with ranged weapons and melee
   (+6).
   *Rage:     It berserks you when you make melee attacks (+50% chance).
   Will:      It greatly increases your willpower.
Wands
 N - a wand of roots (11)
   (You found it on level 9 of the Dungeon)
 P - a wand of mindburst (5)
   (You took it off Maurice on level 9 of the Dungeon)
 Q - a wand of paralysis (5)
   (You found it on level 9 of the Dungeon)
Scrolls
 f - 2 scrolls of brand weapon {unknown}
 k - 2 scrolls of blinking
 m - 4 scrolls of magic mapping
 n - 2 scrolls of enchant armour
 o - 4 scrolls of poison {!r}
 p - a scroll of silence {unknown}
 q - a scroll of amnesia
 s - 10 scrolls of teleportation {@r4}
 u - 2 scrolls of fear {unknown}
 w - 6 scrolls of vulnerability {!r}
 J - 3 scrolls of immolation {unknown}
 O - a scroll of noise {unknown}
Potions
 c - 2 potions of lignification {!q}
 g - 3 potions of haste {@q3}
 i - 2 potions of brilliance
 j - 2 potions of magic
 l - 12 potions of curing {@q1}
 r - 2 potions of attraction {!q}
 v - a potion of resistance {unknown}
 x - 2 potions of flight
 z - 2 potions of heal wounds {@q2}
 C - a potion of mutation {unknown}
 E - 2 potions of might {unknown}
 H - a potion of invisibility {unknown}
 M - 2 potions of berserk rage {unknown}


   Skills:
 - Level 6.6 Fighting
 - Level 10.0 Short Blades
 - Level 2.0 Throwing
 + Level 5.9 Armour
 + Level 6.5 Dodging
 - Level 9.0 Stealth
 * Level 4.3 Shields
 - Level 4.5 Spellcasting
 - Level 0.2 Conjurations
 - Level 7.2 Hexes
 - Level 0.1 Poison Magic


You had 7 spell levels left.
You knew the following spells:

 Your Spells              Type           Power      Damage    Failure   Level
a - Confusing Touch       Hex            23%        N/A       13%         3
b - Enfeeble              Hex            11%        N/A       100%        7
c - Mephitic Cloud        Conj/Pois/Air  3%         N/A       93%         3

Your spell library contained the following spells:

 Spells                   Type           Power      Damage    Failure   Level
 Slow                     Hex            92%        N/A       4%          1
 Portal Projectile        Hex/Tloc       26%        N/A       50%         3
 Magic Dart               Conj           12%        1d3       58%         1
 Sting                    Tmut/Pois      12%        1d3       63%         1
 Call Imp                 Summ           3%         N/A       77%         2
 Leda's Liquefaction      Hex/Erth       6%         N/A       88%         4
 Call Canine Familiar     Summ           3%         N/A       94%         3
 Vampiric Draining        Necr           3%         2d6       94%         3
 Summon Mana Viper        Hex/Summ       13%        N/A       99%         5
 Yara's Violent Unravell  Hex/Tmut       6%         3d5       99%         5
 Airstrike                Air            1%         2d(1-17)  100%        4
 Summon Lightning Spire   Summ/Air       3%         N/A       100%        4
 Lightning Bolt           Conj/Air       1%         1d12      100%        5
 Summon Forest            Summ/Tloc      1%         N/A       100%        5
 Summon Cactus Giant      Summ           1%         N/A       100%        6


Dungeon Overview and Level Annotations

Branches:
Dungeon (10/15) Zot: 26502  Temple (1/1) D:4 Zot: 5957     Orc (0/2) D:9
  Sewer (visited)          Bailey (visited)
   Lair: D:8-11

Altars:
Ashenzari
Cheibriados
Dithmenos
Fedhas
Gozag
Hepliaklqana
Kikubaaqudgha
Makhleb
Nemelex Xobeh
Okawaru
Qazlal
Ru
Sif Muna
Trog
Uskayaw
Vehumet
Xom
Yredelemnul

Shops:
D:6 *

Annotations:
D:8 3 runed translucent doors, BreadTh's ghost, novice MiFi
D:10 exclusion: neqoxec
Temple 2 transporters


Innate Abilities, Weirdness & Mutations

A demonic guardian rushes to your aid.
Spells you cast may paralyse adjacent enemies.
You have a sharp stinger which inflicts weakening toxins.


Message History

The orange demon screeches!
You hear a shout!
The orange demon completely misses you.
Your hands begin to glow red.
Malevolent energies surge around you. You block the orange demon's attack.
The orange demon closely misses you.
The orange demon hits you but does no damage.
You hit the orange demon but do no damage.
The orange demon stings you but does no damage.
The orange demon hits you.
The sun demon shouts!
You hit the orange demon but do no damage.
You block the orange demon's attack. The orange demon hits you.
You feel your attacks grow feeble.
You closely miss the orange demon.
Your tail-slap misses the orange demon.
You hit the orange demon but do no damage.
The orange demon appears confused.
The orange demon stings itself.
The orange demon hits itself.
You hit the orange demon but do no damage.
You catch the helpless orange demon completely off-guard!
You impale the orange demon!!
You tail-slap the orange demon, but do no damage.
The orange demon stings you but does no damage.
The orange demon barely misses you.
You hit the orange demon but do no damage.
You barely miss the orange demon.
You hit the orange demon but do no damage.
You tail-slap the orange demon!
The orange demon looks weaker.
Found 13 gold pieces.
The sun demon hits you!
You are engulfed in flames!
The orange demon closely misses you. You block the orange demon's attack.
The orange demon stings itself but does no damage.
The orange demon completely misses itself.
You hit the orange demon.
Lightning courses through the orange demon!
You kill the orange demon!
You block the sun demon's attack.
You feel your dexterity returning.
Your hands begin to glow red.
Malevolent energies surge around you. The sun demon barely misses you.
You hit the sun demon but do no damage. The sun demon hits you!
* * * LOW HITPOINT WARNING * * *
You are engulfed in flames!!
* * * LOW HITPOINT WARNING * * *
You hit the sun demon but do no damage.
The sun demon appears confused.
You hit the sun demon but do no damage. The sun demon closely misses you.
You catch the helpless sun demon completely off-guard!
You impale the sun demon!! The sun demon hits you!
* * * LOW HITPOINT WARNING * * *
A demonic guardian appears!
You are engulfed in flames!!
You die...
Your body crumbles into a pile of gold.

#....♣## .#
#.#.#..# .#
#.#.##.########.#
#.#.##.....#.$..#
#.#.######......#
#....(.###.##.#
#..........# ..#
#.$......### #...
#.@......# #...
#33......# #...
#.....#########
### #..... #....
#..$. ####


You could see a sun demon (confused, ally target) and a friendly smoke demon
(summoned).

Vanquished Creatures
  An orc warlord (Bailey)
  A sixfirhy (D:10)
  3 orc knights (Bailey)
  A rust devil (D:10)
  Maurice (D:9)
  An orange demon (D:10)
  An unseen horror zombie (D:9)
  A hornet (D:8)
  Prince Ribbit (D:6)
  Grinder (Sewer)
  A wyvern (D:9)
  An unseen horror simulacrum (D:9)
  A steam dragon (D:9)
  3 water moccasins (D:6)
  Duvessa (D:6)
  13 orc warriors
  A black bear (D:4)
  A hornet zombie (D:9)
  3 sky beasts
  3 ice beasts
  3 ogres
  A centaur (D:9)
  3 phantoms
  3 kobold brigands
  6 bullfrogs
  5 necrophages
  2 gnoll sergeants
  3 scorpions
  6 wights
  Dowan (D:6)
  13 killer bees
  4 howler monkeys (D:7)
  A centaur zombie (D:9)
  2 quasits (D:10)
  3 hounds
  3 jellies
  6 orc priests
  A gnoll bouda (D:9)
  2 iguanas
  9 orc wizards
  21 gnolls
  6 adders
  2 shadow imps (Sewer)
  2 white imps
  2 ufetubi
  3 worms
  2 dart slugs
  46 orcs
  14 ball pythons
  11 endoplasms
  5 giant cockroaches
  13 goblins
  18 hobgoblins
  8 quokkas
  5 bats
  2 frilled lizards
  37 kobolds
  A kobold zombie (Sewer)
  2 rats
317 creatures vanquished.

Vanquished Creatures (collateral kills)
  A sun demon (D:10)
  Joseph (D:9)
  A sky beast (D:7)
  An orc warrior (Bailey)
  A bullfrog (D:8)
  4 killer bees
  A hound (D:4)
  A centaur skeleton (D:9)
  5 gnolls
  3 orcs
  2 bats (Sewer)
  A giant cockroach (Sewer)
  A hobgoblin (Bailey)
  2 kobolds
25 creatures vanquished.

Vanquished Creatures (others)
  3 demonic plants (D:10)
  22 plants
25 creatures vanquished.

Grand Total: 367 creatures vanquished

Notes
Turn   | Place    | Note
-------+----------+-------------------------------------------
     0 | D:1      | GeoRichter the Demonspawn Brigand began the quest for the
                  | Orb.
     0 | D:1      | Reached XP level 1. HP: 16/16 MP: 1/1
    57 | D:1      | Reached skill level 2 in Short Blades
   375 | D:1      | Gained mutation: You have a small tail. [demonic ancestry]
   375 | D:1      | Reached XP level 2. HP: 20/22 MP: 2/2
   567 | D:1      | Found a faded altar of an unknown god.
   596 | D:1      | Got Plato's Handbook of the Figure
  1327 | D:2      | Reached XP level 3. HP: 21/27 MP: 3/3
  1432 | D:2      | Reached skill level 3 in Short Blades
  2120 | D:2      | Gained mutation: A weak demonic guardian rushes to your
                  | aid. [demonic ancestry]
  2120 | D:2      | Reached XP level 4. HP: 31/33 MP: 4/4
  2485 | D:3      | Reached skill level 4 in Short Blades
  2485 | D:3      | Reached XP level 5. HP: 9/38 MP: 5/5
  2762 | D:3      | Noticed an ogre
  4076 | D:3      | Killed an ogre
  4077 | D:3      | Reached skill level 5 in Short Blades
  4077 | D:3      | Reached skill level 5 in Stealth
  4077 | D:3      | Gained mutation: Spells you cast may paralyse adjacent
                  | enemies. [demonic ancestry]
  4077 | D:3      | Reached XP level 6. HP: 34/44 MP: 6/6
  4214 | D:4      | Found a staircase to the Ecumenical Temple.
  4223 | Temple   | Entered the Ecumenical Temple
  4223 | Temple   | Found a transporter.
  4223 | Temple   | Found a transporter.
  4225 | Temple   | Found a transporter.
  4225 | Temple   | Found a transporter.
  4250 | Temple   | Became a worshipper of Gozag Ym Sagoz the Greedy
  4319 | D:4      | Noticed an ice beast
  4357 | D:4      | Found a glowing drain.
  4374 | D:4      | HP: 2/44 [hound (4)]
  4456 | Sewer    | Entered a sewer
  4815 | Sewer    | Gained mutation: You have a tail ending in a sharp stinger.
                  | [demonic ancestry]
  4815 | Sewer    | Reached XP level 7. HP: 6/50 MP: 7/7
  5270 | Sewer    | Reached skill level 6 in Short Blades
  5489 | Sewer    | Found an ancient bone altar of Kikubaaqudgha.
  5557 | Sewer    | Noticed Grinder
  5568 | Sewer    | Killed Grinder
  5569 | Sewer    | Reached skill level 1 in Dodging
  5956 | D:4      | Reached XP level 8. HP: 57/57 MP: 8/8
  6169 | D:4      | Reached skill level 7 in Short Blades
  6512 | D:5      | Entered Level 5 of the Dungeon
  6532 | D:5      | Reached skill level 1 in Armour
  6677 | D:5      | Found a blossoming altar of Fedhas.
  7696 | D:6      | Reached XP level 9. HP: 50/65 MP: 9/9
  7949 | D:6      | Reached skill level 8 in Short Blades
  8412 | D:6      | Found a sparkling altar of Nemelex Xobeh.
  8416 | D:6      | Noticed Dowan
  8454 | D:6      | Noticed Duvessa
  8457 | D:6      | Killed Duvessa
  8463 | D:6      | Killed Dowan
  8464 | D:6      | Noticed Prince Ribbit
  8754 | D:6      | Found Lenne's Serpentskin Sales.
  8838 | D:6      | Learned a level 3 spell: Confusing Touch
  9173 | D:6      | Killed Prince Ribbit
  9174 | D:6      | Reached skill level 5 in Fighting
 10456 | D:6      | Reached skill level 9 in Short Blades
 11037 | D:7      | Gained mutation: A demonic guardian rushes to your aid.
                  | [demonic ancestry]
 11037 | D:7      | Reached XP level 10. HP: 74/74 MP: 10/10
 11987 | D:8      | Found a flagged portal.
 12010 | Bailey   | Entered a bailey
 12064 | Bailey   | Noticed an orc knight
 12100 | Bailey   | Killed an orc knight
 12845 | Bailey   | Reached skill level 5 in Dodging
 13159 | Bailey   | Identified the +0 plate armour of the Saviour {Drain Int+5}
 13162 | Bailey   | Noticed an orc warlord
 13165 | Bailey   | Noticed an orc knight
 13166 | Bailey   | Noticed an orc knight
 13174 | Bailey   | Killed an orc warlord
 13178 | Bailey   | Killed an orc knight
 13179 | Bailey   | Reached skill level 10 in Short Blades
 13185 | Bailey   | Killed an orc knight
 13186 | Bailey   | Reached skill level 1 in Hexes
 13233 | Bailey   | Reached skill level 5 in Armour
 13530 | Bailey   | Reached XP level 11. HP: 83/83 MP: 11/17
 13791 | D:8      | Learned a level 7 spell: Enfeeble
 14192 | D:8      | Found a runed translucent gate.
 14193 | D:8      | Found a runed translucent gate.
 14198 | D:8      | Learned a level 3 spell: Mephitic Cloud
 14198 | D:8      | Found a runed translucent gate.
 14204 | D:8      | Found a shimmering blue altar of Sif Muna.
 14266 | D:8      | Identified the +2 scale mail "Ujovvol" {rElec Str+2}
 14525 | D:8      | Gained mutation: You have a sharp stinger which inflicts
                  | weakening toxins. [demonic ancestry]
 14525 | D:8      | Reached XP level 12. HP: 42/89 MP: 18/18
 15054 | D:8      | Noticed BreadTh's ghost (novice MiFi)
 15572 | D:9      | Reached skill level 1 in Shields
 16684 | D:9      | Noticed Maurice
 16705 | D:9      | Killed Maurice
 17167 | D:9      | Found a staircase to the Orcish Mines.
 17352 | D:9      | Noticed Joseph
 17358 | D:9      | Killed Joseph
 17502 | D:10     | Entered Level 10 of the Dungeon
 18049 | D:10     | Slain by a sun demon

Illustrated notes

Levels and vault maps discovered:
D:1:      dpeg_arrival_refuge, layout_basic, shapermc_ecumenical_altar_rom_forum
D:2:      layout_rooms
D:3:      layout_loops_ring, serial_bayou_ford_a, kennysheep_nondescript,
          minmay_misc_feat_four_crosses, cheibrodos_gnoll_hut
D:4:      layout_rooms, temple_pool_b, cheibrodos_sewer_entry_sluice,
          minmay_increasing_density
D:5:      layout_basic, mainiacjoe_overflow_small_starburst
D:6:      layout_loops_ring, mainiacjoe_overflow_catwalk,
          mainiacjoe_overflow_surrounded_room, guppyfry_shop_venom,
          uniq_prince_ribbit1, uniq_duvessa
D:7:      layout_basic
D:8:      layout_layer_cave, nicolae_sif_muna_condensation, gammafunk_ghost_icy,
          enter_bailey_3
D:9:      layout_roguey, david_orc_4, chequers_serial_rivers_small_a,
          grunt_decor_mini_mirrors, nrook_mini_vaults, hangedman_weighted_door,
          uniq_joseph, uniq_maurice
D:10:     layout_basic, lemuel_round_altar, dpeg_oklobed_lair, serial_demonic,
          serial_demonic_c, serial_demonic_d, serial_demonic_a,
          serial_demonic_a, dreamdust_mushroom_princess, uniq_psyche, uniq_lodul
Temple:   hellmonk_temple_divided_pantheon

Skill      XL: |  1  2  3  4  5  6  7  8  9 10 11 12 |
---------------+-------------------------------------+-----
Short Blades   | 2 3 4 5 6 7 9 10 | 10.0
Throwing       | 2 |  2.0
Stealth        | 4 5 6 7 8 9 |  9.0
Dodging        | 1 3 4 5 6 |  6.5
Fighting       | 4 5 6 |  6.6
Armour         | 2 3 5 |  5.9
Hexes          | 7 |  7.2
Spellcasting   | 4 |  4.5
Shields        | 4 |  4.3
Conjurations   | |  0.2
Poison Magic   | |  0.1

Action                   |  1- 3 |  4- 6 |  7- 9 | 10-12 || total
-------------------------+-------+-------+-------+-------++-------
Melee: Dagger            |   126 |   185 |   448 |   649 ||  1408
       Tailslap          |    13 |    23 |    73 |    96 ||   205
       Punch             |       |     1 |     5 |     3 ||     9
Throw: Dart              |    10 |     3 |    16 |     8 ||    37
       Javelin           |       |    12 |     5 |     1 ||    18
       Throwing net      |       |     2 |     3 |     1 ||     6
 Cast: Confusing Touch   |       |       |       |     3 ||     3
Evoke: Wand              |       |       |    21 |     6 ||    27
  Use: Scroll            |       |     5 |     7 |     3 ||    15
       Potion            |       |     4 |     1 |     4 ||     9
 Stab: Sleeping          |     7 |     6 |    14 |     7 ||    34
       Held in net/web   |       |     2 |       |     2 ||     4
       Distracted        |       |     1 |     4 |    11 ||    16
       Paralysed         |       |       |     3 |       ||     3
       Confused          |       |       |       |     4 ||     4
Armor: Robe              |    26 |    48 |     9 |       ||    83
       Skin              |       |       |     2 |       ||     2
       Leather armour    |       |       |    59 |    23 ||    82
       Scale mail        |       |       |       |   120 ||   120
Dodge: Dodged            |    54 |   112 |   154 |   247 ||   567
Block: Buckler           |       |       |       |   101 ||   101
